 Dungeon Crawl Stone Soup version 0.18-a0-2-g0e512fa (webtiles) character file.

19385 Hedron the Brawler (level 12, -6/119 HPs)
             Began as a Troll Chaos Knight on Oct 30, 2015.
             Mangled by a six-headed hydra (8 damage)
             ... on level 3 of the Lair of Beasts on Oct 31, 2015.
             The game lasted 00:42:53 (13509 turns).

Hedron the Brawler (Troll Chaos Knight)            Turns: 13509, Time: 00:42:53

Health: -6/119     AC: 16    Str: 27    XL:     12   Next: 36%
Magic:  11/11      EV: 13    Int:  6    God:    Xom [.....*]
Gold:   1241       SH:  0    Dex: 12    Spells: 1 memorised, 8 levels left

rFire  + . .     SeeInvis .     K - +1 scimitar (flame)
rCold  + . .     Clarity  .     P - +2 robe {rC+ rF+}
rNeg   . . .     SustAt   .     (no shield)
rPois  .         Gourm    +     h - +2 hat {MR+}
rElec  .         Spirit   .     z - +0 cloak
rCorr  .         Warding  .     (gloves unavailable)
rMut   .         Stasis   +     (boots unavailable)
MR     +....                    n - amulet of stasis
Stlth  ++........               D - +4 ring of strength
                                s - ring of stealth

@: somewhat resistant to hostile enchantments, unstealthy
A: unfitting armour, claws 3, horns 2, rough black scales 1, slimy green scales
1, blurry vision 1, dopey 1, fast metabolism 3, gourmand, regeneration 2, shaggy
fur 1, tough skin 2, evolution 1
a: Renounce Religion


You were on level 3 of the Lair of Beasts.
You worshipped Xom.
You were Xom's teddy bear.
You were very full.

You visited 2 branches of the dungeon, and saw 14 of its levels.

You collected 1260 gold pieces.
You spent 19 gold pieces at shops.

Inventory:

Hand Weapons
 K - a +1 scimitar of flaming (weapon)
Missiles
 c - 4 tomahawks of dispersal
 f - 65 poisoned needles
 B - a throwing net
 C - 8 large rocks (quivered)
Armour
 e - a +1 large shield
 h - a +2 hat of magic resistance (worn)
 z - a +0 cloak (worn)
 P - a +2 robe of resistance (worn)
Jewellery
 d - an uncursed amulet of resist corrosion
 n - an amulet of stasis (around neck)
 s - a ring of stealth (left claw)
 D - a +4 ring of strength (right claw)
Wands
 i - a wand of digging (15)
 t - a wand of polymorph (6)
 u - a wand of slowing (25)
 y - a wand of polymorph (7)
 J - a wand of lightning (10)
 N - a wand of draining (14)
Scrolls
 a - 2 scrolls of magic mapping
 m - 7 scrolls of remove curse
 o - 7 scrolls of teleportation
 q - 3 scrolls of fog
 v - 2 scrolls of enchant weapon
 x - 2 scrolls of amnesia
 A - 3 scrolls of immolation
 E - a scroll of vulnerability
 I - 5 scrolls of blinking
 O - a scroll of recharging
Potions
 j - 3 potions of curing
 w - 2 potions of heal wounds
 F - a potion of resistance
 L - 2 potions of brilliance
Books
 r - a book of Necromancy

   Spells                             Type                      Level
   a - Pain                           Necromancy                   1
   b - Animate Skeleton               Necromancy                   1
   c - Vampiric Draining              Necromancy                   3
   d - Regeneration                   Charms/Necromancy            3
   e - Animate Dead                   Necromancy                   4
   f - Control Undead                 Necromancy                   4
 G - a book of Enchantments

   Spells                             Type                      Level
   a - Cause Fear                     Hexes                        4
   b - Silence                        Hexes/Air                    5
   c - Deflect Missiles               Charms/Air                   6
   d - Haste                          Charms                       6
   e - Discord                        Hexes                        8
Miscellaneous
 p - a phantom mirror
Comestibles
 b - 9 bread rations
 g - 7 beef jerkies
 k - 5 meat rations
 l - a fruit
 H - 2 royal jellies
 M - 8 chunks of flesh


   Skills:
 + Level 7.7 Fighting
 + Level 0.1 Throwing
 + Level 7.6 Dodging
 + Level 16.0 Unarmed Combat


You had 8 spell levels left.
You knew the following spells:

 Your Spells              Type           Power        Failure   Level  Hunger
a - Regeneration          Chrm/Necr      #.........   97%         3    ####...


Dungeon Overview and Level Annotations

Branches:
Dungeon (11/15)            Temple (0/1) D:6            Lair (3/8) D:11
    Orc (0/4) D:9
  Swamp: Lair:3-6    Shoals: Lair:3-6     Snake: Lair:3-6    Spider: Lair:3-6

Altars:
Ashenzari
Cheibriados
Elyvilon
Gozag
Kikubaaqudgha
Makhleb
Nemelex Xobeh
Okawaru
Ru
Sif Muna
Trog
Xom
Yredelemnul

Shops:
D:7 [


Innate Abilities, Weirdness & Mutations

You are too large for most types of armour.
You have claws for hands.
Your metabolism is lightning-fast.
You like to eat raw meat.
You heal very quickly.
You are covered in fur (AC +1).
You have very tough skin (AC +2).
You have a pair of horns on your head.
You are partially covered in rough black scales (AC +4, Dex -1).
You are partially covered in slimy green scales (AC +2).
Scrolls take you a little longer to read.
You are dopey. (Int -2)
You evolve.


Message History

You burn the six-headed hydra. You claw the six-headed hydra!!
The six-headed hydra is almost dead.
The six-headed hydra bites you.
* * * LOW HITPOINT WARNING * * *
The six-headed hydra bites you.
* * * LOW HITPOINT WARNING * * *
The six-headed hydra bites you but does no damage.
The six-headed hydra misses you. The six-headed hydra bites you!
* * * LOW HITPOINT WARNING * * *
The six-headed hydra misses you.
You barely miss the six-headed hydra.
Your headbutt misses the six-headed hydra.
The six-headed hydra is almost dead.
The six-headed hydra bites you.
* * * LOW HITPOINT WARNING * * *
The six-headed hydra bites you!
* * * LOW HITPOINT WARNING * * *
The six-headed hydra bites you but does no damage.
The six-headed hydra bites you!
You die...

##.......## #........#
##.......# ## #...(...#
##.## #.....<.# #(..##
##.).....# .....
#........## #t.$ ..
##........#####D# t.≈.
#.........##PP.@#P≈≈≈P
##.........#..P...P≈≈≈PP
..................P≈≈P≈P
..................≈≈PPP≈
..................≈≈≈≈≈≈
..........>......♣≈≈≈≈≈≈
.................♣≈≈≈≈≈≈
.................♣♣P≈≈≈≈
.................♣ ≈≈≈≈


You could see a six-headed hydra and a crocodile.

Vanquished Creatures
  Gastronok (Lair:1)
  A hydra (Lair:2)
  Erica (D:10)
  A hill giant (D:10)
  A harpy (Lair:1)
  An ugly thing (D:11)
  A cyclops (D:11)
  A centaur zombie (D:11)
  A spiny frog (Lair:3)
  2 black mambas
  A two-headed ogre (D:11)
  A komodo dragon (Lair:3)
  A troll (D:9)
  3 blink frogs (Lair:2)
  A raiju (Lair:3)
  17 yaks
  A hungry ghost (D:10)
  Grum (D:8)
  2 wyverns
  6 hippogriffs
  3 wargs (D:9)
  3 water moccasins
  10 wolves
  8 ogres
  6 porcupines
  6 orc warriors
  A necrophage (D:11)
  A wasp (D:9)
  A phantom (D:7)
  A sky beast (D:5)
  6 centaurs
  4 big kobolds
  3 crocodiles
  A wyvern zombie (D:10)
  13 giant frogs
  A scorpion (D:4)
  A killer bee (Lair:2)
  A vampire bat (D:5)
  5 wights (D:8)
  A giant frog zombie (D:5)
  5 crimson imps
  13 hounds
  3 orc priests
  3 jellies
  3 giant frog skeletons
  9 orc wizards
  4 iguanas
  7 worker ants
  A killer bee zombie (D:11)
  2 sheep (D:11)
  A hound skeleton (D:5)
  23 river rats
  16 adders
  6 gnolls
  3 shadow imps (D:6)
  2 oozes
  3 adder zombies
  6 worms
  44 orcs
  15 bats
  5 giant cockroaches
  9 hobgoblins
  9 jackals
  53 kobolds
  8 giant geckos
  5 giant newts
  7 goblins
  A jackal skeleton (D:8)
  4 quokkas
  A quokka skeleton (D:3)
  12 rats
  A plant (D:11)
405 creatures vanquished.

Vanquished Creatures (collateral kills)
  A yak (Lair:2)
  An orc priest (D:11)
  An orc wizard (D:11)
  An orc (D:11)
4 creatures vanquished.

Grand Total: 409 creatures vanquished

Notes
Turn   | Place    | Note
--------------------------------------------------------------
     0 | D:1      | Hedron the Troll Chaos Knight began the quest for the Orb.
     0 | D:1      | Reached XP level 1. HP: 22/22 MP: 0/0
   171 | D:1      | Reached XP level 2. HP: 27/29 MP: 1/1
   418 | D:1      | Reached skill level 4 in Unarmed Combat
   500 | D:1      | XOM: divination: detect creatures
   634 | D:2      | XOM: harmless Summ miscast
   640 | D:2      | Reached XP level 3. HP: 32/36 MP: 2/2
   755 | D:2      | XOM: mild Summ miscast
   830 | D:2      | XOM: colour smoke trail
   860 | D:2      | Gained mutation: You are partially covered in slimy green scales (AC +2). [potion of mutation]
   860 | D:2      | Gained mutation: You are partially covered in rough black scales (AC +4, Dex -1). [potion of mutation]
   860 | D:2      | Gained mutation: You are agile. (Dex +2) [potion of mutation]
   982 | D:2      | XOM: enchant monster (good)
  1031 | D:2      | Reached XP level 4. HP: 41/44 MP: 3/3
  1053 | D:2      | Reached skill level 5 in Unarmed Combat
  1393 | D:3      | Found a white marble altar of Elyvilon.
  1393 | D:3      | Found a sparkling altar of Nemelex Xobeh.
  1393 | D:3      | Found an ancient bone altar of Kikubaaqudgha.
  1518 | D:3      | Found an iron altar of Okawaru.
  1603 | D:3      | XOM: god gift: runed bone wand {god gift}
  1882 | D:3      | XOM: swap monsters
  1901 | D:3      | Reached XP level 5. HP: 50/50 MP: 4/4
  1966 | D:3      | Noticed a big kobold
  1966 | D:3      | Noticed a big kobold
  1970 | D:3      | Killed a big kobold
  1970 | D:3      | Reached skill level 6 in Unarmed Combat
  1970 | D:3      | XOM: summons friendly crimson imp
  1990 | D:3      | Killed a big kobold
  1990 | D:3      | Reached skill level 7 in Unarmed Combat
  1990 | D:3      | Reached XP level 6. HP: 57/59 MP: 5/5
  2011 | D:3      | XOM: vitrification
  2078 | D:3      | Noticed a big kobold
  2084 | D:3      | Killed a big kobold
  2104 | D:3      | XOM: god gift: phantom mirror
  2715 | D:4      | Reached skill level 8 in Unarmed Combat
  2784 | D:4      | Reached XP level 7. HP: 57/66 MP: 6/6
  2969 | D:4      | Learned a level 3 spell: Regeneration
  3063 | D:4      | Reached skill level 9 in Unarmed Combat
  3114 | D:4      | XOM: vitrification
  3473 | D:5      | Entered Level 5 of the Dungeon
  3485 | D:5      | Found a shattered altar of Ashenzari.
  3567 | D:5      | Reached XP level 8. HP: 74/74 MP: 7/7
  3574 | D:5      | Found a shimmering altar of Xom.
  3639 | D:5      | XOM: destruction
  3643 | D:5      | XOM: confuse monster(s)
  3672 | D:5      | XOM: god gift: flail {god gift}
  3674 | D:5      | Found a bloodstained altar of Trog.
  3698 | D:5      | XOM: silly message
  3779 | D:5      | Reached skill level 10 in Unarmed Combat
  3834 | D:5      | Noticed Blork the orc
  3843 | D:5      | Found a deep blue altar of Sif Muna.
  3869 | D:5      | Noticed Blork
  3869 | D:5      | Blork the orc changed into Blork the gnoll
  3869 | D:5      | XOM: polymorph Blork the orc -> Blork the gnoll
  3874 | D:5      | Killed Blork the gnoll
  4041 | D:5      | XOM: polymorph ice beast -> sky beast
  4296 | D:5      | Upgraded the game from 0.18-a0 to 0.18-a0-2-g0e512fa
  4316 | D:6      | Found a snail-covered altar of Cheibriados.
  4340 | D:6      | XOM: confuse monster(s)
  4390 | D:6      | XOM: god gift: scroll labeled KUATTU FEUC
  4450 | D:6      | Reached skill level 11 in Unarmed Combat
  4456 | D:6      | XOM: silly message
  4763 | D:6      | Found a staircase to the Ecumenical Temple.
  5109 | D:6      | XOM: colour smoke trail
  5362 | D:7      | Found an opulent altar of Gozag.
  5377 | D:7      | XOM: give mutations
  5377 | D:7      | Lost mutation: You are agile. (Dex +2) [Xom's mischief]
  5377 | D:7      | Gained mutation: You have a pair of small horns on your head. [Xom's mischief]
  5377 | D:7      | Gained mutation: Scrolls take you a little longer to read. [Xom's mischief]
  5377 | D:7      | Gained mutation: You are dopey. (Int -2) [Xom's mischief]
  5487 | D:7      | Reached XP level 9. HP: 56/80 MP: 8/8
  5571 | D:7      | Reached skill level 12 in Unarmed Combat
  5583 | D:7      | XOM: colour smoke trail
  5824 | D:7      | Found a basalt altar of Yredelemnul.
  5855 | D:7      | XOM: harmless Chrm miscast
  5861 | D:7      | Found Suugimum's Armour Boutique.
  5869 | D:7      | Bought a cursed +0 cloak for 19 gold pieces
  5945 | D:7      | Found a sacrificial altar of Ru.
  6579 | D:8      | XOM: silly message
  6600 | D:8      | Reached skill level 13 in Unarmed Combat
  7004 | D:8      | Found a burning altar of Makhleb.
  7038 | D:8      | Noticed Grum
  7047 | D:8      | Killed Grum
  7185 | D:8      | XOM: vitrification
  7203 | D:8      | XOM: god gift: glowing broad axe {god gift}
  7292 | D:8      | Reached skill level 14 in Unarmed Combat
  7435 | D:9      | Found a basalt altar of Yredelemnul.
  7468 | D:9      | XOM: vitrification
  7520 | D:9      | XOM: vitrification
  7528 | D:9      | Reached XP level 10. HP: 85/88 MP: 9/9
  7674 | D:9      | Found a staircase to the Orcish Mines.
  7684 | D:9      | XOM: polymorph warg -> wasp
  7689 | D:9      | XOM: fog
  7691 | D:9      | XOM: swap monsters
  8193 | D:9      | Noticed a moth of wrath
  8196 | D:9      | Found a bloodstained altar of Trog.
  8208 | D:9      | XOM: polymorph worm -> ooze
  8260 | D:9      | XOM: summons 2 hostile shadow creatures
  8289 | D:10     | Entered Level 10 of the Dungeon
  8444 | D:10     | XOM: colour smoke trail
  8492 | D:10     | Noticed a hill giant
  8493 | D:10     | XOM: confusion (+ monsters)
  8510 | D:10     | Killed a hill giant
  8549 | D:10     | XOM: colour smoke trail
  8625 | D:10     | Noticed Erica
  8633 | D:10     | Killed Erica
  8670 | D:10     | XOM: mild Divn miscast
  8722 | D:10     | XOM: summons 5 hostile demons
  9096 | D:10     | XOM: colour smoke trail
  9596 | D:11     | Reached skill level 5 in Fighting
  9596 | D:11     | Reached XP level 11. HP: 99/102 MP: 10/10
  9597 | D:11     | XOM: harmless Divn miscast
  9600 | D:11     | Noticed a cyclops
  9602 | D:11     | XOM: medium Chrm miscast
  9608 | D:11     | XOM: blink monster(s)
  9609 | D:11     | XOM: swap monsters
  9615 | D:11     | Killed a cyclops
  9625 | D:11     | Reached skill level 5 in Dodging
  9832 | D:11     | Found a staircase to the Lair.
  9975 | D:11     | XOM: harmless Tloc miscast
 10076 | D:11     | XOM: blink monster(s)
 10117 | D:11     | XOM: harmless Hex miscast
 10146 | D:11     | Noticed a white ugly thing
 10158 | D:11     | Killed a white ugly thing
 10449 | D:11     | XOM is BORED!
 10449 | D:11     | XOM: medium Air miscast
 10506 | Lair:1   | Entered Level 1 of the Lair of Beasts
 10567 | Lair:1   | Reached skill level 15 in Unarmed Combat
 10646 | Lair:1   | Noticed Gastronok
 10651 | Lair:1   | XOM: polymorph spiny frog -> harpy
 10669 | Lair:1   | XOM: summons friendly iron imp
 10673 | Lair:1   | Killed Gastronok
 11485 | Lair:1   | XOM is BORED!
 11485 | Lair:1   | XOM: noise
 11604 | Lair:1   | XOM: cast spell 'Beastly Appendage'
 11874 | Lair:2   | XOM: divination: magic mapping
 11885 | Lair:2   | Noticed a four-headed hydra
 11895 | Lair:2   | Killed a one-headed hydra
 12107 | Lair:2   | Found an opulent altar of Gozag.
 12227 | Lair:2   | XOM: vitrification
 12248 | Lair:2   | XOM: swap monsters
 12251 | Lair:2   | XOM: summons friendly iron imp
 12265 | Lair:2   | Reached XP level 12. HP: 88/118 MP: 11/11
 12902 | Lair:3   | XOM: give mutations
 12902 | Lair:3   | Gained mutation: You evolve. [Xom's grace]
 12902 | Lair:3   | Gained mutation: You have a pair of horns on your head. [Xom's grace]
 12995 | Lair:3   | XOM: polymorph giant frog -> killer bee
 12998 | Lair:3   | XOM: polymorph yak -> raiju
 13008 | Lair:2   | XOM: potion effect (brilliance)
 13101 | Lair:3   | XOM: smoke on damage
 13104 | Lair:2   | XOM: divination: detect creatures
 13440 | Lair:3   | Reached skill level 16 in Unarmed Combat
 13502 | Lair:3   | Noticed a seven-headed hydra
 13505 | Lair:3   | XOM: divine lightning
 13509 | Lair:3   | HP: 2/119 [six-headed hydra (16)]
 13509 | Lair:3   | Mangled by a six-headed hydra

Vault maps used:
D:1:      minmay_arrival_open_corners
D:2:      lemuel_upstairs_altar
D:3:      minmay_goblin_kobold_castle, lemuel_round_altar,
          gammafunk_temple_overflow_claw, guppyfry_early_lair_pool
D:4:      serial_forest, infiniplex_forest_lined_corner,
          infiniplex_forest_lined_3, infiniplex_forest_lined_2,
          infiniplex_forest_clump_tiny, infiniplex_forest_end_2,
          infiniplex_forest_corner_2
D:5:      ashenzari_altar_1, tgw_sif, kennysheep_mini_moat, first_bread,
          roderic_batcave, trog_butcher_becter
D:6:      lemuel_crystal_altar, minmay_temple_entry_mist
D:7:      old_standard_altar, nicolae_overflow_crystal_walls,
          lemuel_coloured_pillars_altar, serial_shops, nicolae_shop_waterfront,
          grunt_ogre_cave
D:8:      bloody_makhleb, uniq_grum
D:9:      tgw_trog, minmay_orc_entry_guard_dogs, yredelemnul_altar_generic
D:10:     minmay_goldmine, uniq_erica
D:11:     dpeg_oklobed_lair
Lair:1:   grunt_megastairs_3, uniq_gastronok
Lair:2:   basic_altar, grunt_megastairs_2
Lair:3:   serial_bayou_shore_a

Action                   |  1- 3 |  4- 6 |  7- 9 | 10-12 || total
-------------------------+-------+-------+-------+-------++-------
Melee: Unarmed           |    93 |   197 |   347 |   466 ||  1103
       Scimitar          |       |       |       |    11 ||    11
Throw: Tomahawk          |       |       |     1 |     1 ||     2
       Large rock        |       |       |       |    26 ||    26
  Use: Scroll            |     5 |     6 |     9 |     6 ||    26
       Potion            |     4 |     3 |     3 |     5 ||    15
 Stab: Sleeping          |       |       |    11 |    12 ||    23
       Confused          |       |       |     2 |     2 ||     4
  Eat: Chunk             |    15 |    16 |    43 |    62 ||   136
